[Event "ESTCC 65 2019"]
[Site "Mali Losinj"]
[Date "2019.09.18"]
[Round "1"]
[White "Huss, Andreas"]
[Black "Peltola, Leo"]
[Result "1-0"]
[ECO "D36"]
[WhiteElo "2261"]
[BlackElo "1966"]
[Annotator "NA"]
[PlyCount "109"]
[EventDate "2019.??.??"]
[EventCountry "CRO"]
[SourceTitle "playchess.com"]
[Source "ChessBase"]
[SourceQuality "1"]
[WhiteTeam "Switzerland"]
[BlackTeam "Finland"]
[WhiteTeamCountry "SUI"]
[BlackTeamCountry "FIN"]
[TimeControl "40/5400+30:1800+30"]

1. d4 Nf6 2. Nf3 d5 3. c4 e6 4. Nc3 Nbd7 5. cxd5 exd5 6. Bg5 c6 7. e3 Be7 8. Bd3 O-O 9. Qc2 Re8 10. O-O Nf8 11. h3 Be6 12. Ne5 N6d7 13. Bxe7 Qxe7 14. f4 f6 15. Nxd7 Qxd7 16. f5 Bf7 17. Rf3 Qd6 18. Raf1 Re7 19. Qf2 Rae8 20. Ne2 a6 21. Nf4 c5 22. Kh1 cxd4 23. exd4 Qb4 24. a3 Qa5 25. b4 Qb6 26. Rc1 Qd6 27. Qc2 Re1+ 28. Rxe1 Rxe1+ 29. Bf1 Qd7 30. Nd3 Re7 31. Nc5 Qd6 32. Qf2 Qd8 33. Re3 Qc7 34. Bd3 Qd6 35. Rxe7 Qxe7 36. Qe2 Qc7 37. Qe3 a5 38. bxa5 Qxa5 39. Bc2 b6 40. Ne6 Qa8 41. Nf4 Qc6 42. Bb3 Qd7 43. g4 Qd6 44. a4 g5 45. fxg6 hxg6 46. Qf3 Qb4 47. Nxd5 Qe1+ 48. Kg2 Nd7 49. Nf4 Qd2+ 50. Ne2 Bxb3 51. Qxb3+ Kg7 52. Kf2 Qg5 53. Qe6 Qh4+ 54. Kg2 Nf8 55. Qxb6 1-0

[Event "ESTCC 65 2019"]
[Site "Mali Losinj"]
[Date "2019.09.18"]
[Round "1"]
[White "Wahlbom, Magnus"]
[Black "Wademark, Helge"]
[Result "1/2-1/2"]
[ECO "C12"]
[WhiteElo "2255"]
[BlackElo "1994"]
[Annotator "NA"]
[PlyCount "63"]
[EventDate "2019.??.??"]
[EventCountry "CRO"]
[SourceTitle "playchess.com"]
[Source "ChessBase"]
[SourceQuality "1"]
[WhiteTeam "Sweden"]
[BlackTeam "Sweden"]
[WhiteTeamCountry "SWE"]
[BlackTeamCountry "SWE"]
[TimeControl "40/5400+30:1800+30"]

1. e4 e6 2. d4 d5 3. Nc3 Nf6 4. Bg5 Bb4 5. e5 h6 6. Bd2 Bxc3 7. bxc3 Ne4 8. Qg4 Kf8 9. Qf4 c5 10. Bd3 Nxd2 11. Qxd2 Nc6 12. Nf3 Qa5 13. h4 cxd4 14. cxd4 Qxd2+ 15. Kxd2 Bd7 16. Rab1 Na5 17. h5 Ke7 18. Nh4 b6 19. f4 Rac8 20. Rhf1 Nc4+ 21. Ke2 Na3 22. Rbc1 Rc3 23. f5 Rhc8 24. fxe6 Bxe6 25. Kd2 R3c7 26. Nf5+ Bxf5 27. Bxf5 Nc4+ 28. Ke2 Rb8 29. Rf3 b5 30. Rh1 Rb6 31. Rb1 a6 32. Rbf1 1/2-1/2

[Event "ESTCC 65 2019"]
[Site "Mali Losinj"]
[Date "2019.09.18"]
[Round "1"]
[White "Malmdin, Nils-Ake"]
[Black "Nordenstrom, Sven"]
[Result "1-0"]
[ECO "C47"]
[WhiteElo "2142"]
[BlackElo "1874"]
[Annotator "NA"]
[PlyCount "103"]
[EventDate "2019.??.??"]
[EventCountry "CRO"]
[SourceTitle "playchess.com"]
[Source "ChessBase"]
[SourceQuality "1"]
[WhiteTeam "Sweden"]
[BlackTeam "Sweden"]
[WhiteTeamCountry "SWE"]
[BlackTeamCountry "SWE"]
[TimeControl "40/5400+30:1800+30"]

1. e4 e5 2. Nf3 Nc6 3. Nc3 Nf6 4. a3 a6 5. Be2 d6 6. h3 Nd4 7. d3 Nxe2 8. Qxe2 Be7 9. d4 Nd7 10. Be3 c6 11. Rd1 Qc7 12. b4 b5 13. O-O Bb7 14. Nh2 exd4 15. Bxd4 Bf6 16. Ng4 Be5 17. f4 Bxd4+ 18. Rxd4 Rd8 19. Rfd1 Nb6 20. e5 d5 21. Ne4 Bc8 22. f5 h5 23. Nd6+ Kf8 24. Ne3 Rh6 25. Qf2 Qe7 26. Qf4 f6 27. Nxc8 Nxc8 28. e6 Qd6 29. Qf2 Qe5 30. c3 Ke7 31. c4 bxc4 32. Nxc4 Qc7 33. R4d3 Qa7 34. Ne3 Ke8 35. Qg3 Kf8 36. Kh1 Ne7 37. Qf4 g5 38. fxg6 Rxg6 39. Nf5 Qb8 40. Qf3 Qe5 41. Nh4 Rg7 42. Re3 Qg5 43. g3 Kg8 44. Rd4 Rf8 45. Rf4 Rh7 46. Qe2 d4 47. Rxd4 Nd5 48. Rf3 Re8 49. Kh2 Rhe7 50. Re4 Qc1 51. Rf1 Qxa3 52. Qxh5 1-0

[Event "ESTCC 65 2019"]
[Site "Mali Losinj"]
[Date "2019.09.18"]
[Round "1"]
[White "Becker, Norbert"]
[Black "Ahlstrom, Per"]
[Result "1-0"]
[ECO "A36"]
[WhiteElo "2131"]
[BlackElo "1838"]
[Annotator "NA"]
[PlyCount "99"]
[EventDate "2019.??.??"]
[EventCountry "CRO"]
[SourceTitle "playchess.com"]
[Source "ChessBase"]
[SourceQuality "1"]
[WhiteTeam "Germany"]
[BlackTeam "Sweden"]
[WhiteTeamCountry "GER"]
[BlackTeamCountry "SWE"]
[TimeControl "40/5400+30:1800+30"]

1. c4 Nf6 2. g3 g6 3. Bg2 Bg7 4. Nc3 d6 5. e4 O-O 6. Nge2 c5 7. O-O Nc6 8. d3 a6 9. a3 Rb8 10. Rb1 Bd7 11. b4 cxb4 12. axb4 b5 13. cxb5 axb5 14. d4 Qc7 15. Qd3 e5 16. d5 Nd4 17. Be3 Nxe2+ 18. Nxe2 Ng4 19. Rfc1 Qb7 20. Rc2 Nxe3 21. Qxe3 Rfc8 22. Ra2 Rc4 23. Ra7 Qc8 24. Rc1 Rxc1+ 25. Nxc1 Rb7 26. Nb3 Bh6 27. f4 Rxa7 28. Qxa7 exf4 29. e5 fxg3 30. hxg3 dxe5 31. Nc5 Be3+ 32. Kh2 Bf5 33. d6 Qf8 34. Bd5 Bd4 35. Kg2 Be6 36. Bxe6 fxe6 37. Qc7 Qf2+ 38. Kh3 Qf1+ 39. Kh4 Qf6+ 40. Kh3 Qf1+ 41. Kh4 Qh1+ 42. Kg5 Qh5+ 43. Kf6 Qf5+ 44. Ke7 Qf8+ 45. Kxe6 Qf5+ 46. Kd5 Qf3+ 47. Ne4 Qb3+ 48. Kc6 Qc4+ 49. Kb7 Qd5+ 50. Qc6 1-0

[Event "ESTCC 65 2019"]
[Site "Mali Losinj"]
[Date "2019.09.18"]
[Round "1"]
[White "Hohler, Peter"]
[Black "Virtanen, Esko"]
[Result "1-0"]
[ECO "D55"]
[WhiteElo "2047"]
[BlackElo "1771"]
[Annotator "NA"]
[PlyCount "83"]
[EventDate "2019.??.??"]
[EventCountry "CRO"]
[SourceTitle "playchess.com"]
[Source "ChessBase"]
[SourceQuality "1"]
[WhiteTeam "Switzerland"]
[BlackTeam "Finland"]
[WhiteTeamCountry "SUI"]
[BlackTeamCountry "FIN"]
[TimeControl "40/5400+30:1800+30"]

1. d4 d5 2. c4 e6 3. Nc3 Nf6 4. Bg5 Be7 5. e3 h6 6. Bxf6 Bxf6 7. Rc1 O-O 8. Nf3 c6 9. Bd3 Nd7 10. O-O dxc4 11. Bxc4 e5 12. Ne4 exd4 13. Nxf6+ Qxf6 14. Qxd4 Qxd4 15. Nxd4 Ne5 16. Bb3 Bd7 17. h3 Rac8 18. f4 Ng6 19. Rfd1 c5 20. Nf3 Bb5 21. a4 Be8 22. g4 b6 23. Kf2 Bc6 24. Rd6 Ne7 25. Ne5 Be8 26. Rcd1 Nc6 27. Ng6 Na5 28. Nxf8 Nxb3 29. Nd7 f6 30. g5 hxg5 31. fxg5 fxg5 32. Ne5 Bxa4 33. Rd8+ Rxd8 34. Rxd8+ Kh7 35. Kg3 Nc1 36. Kg4 g6 37. Kxg5 Bc2 38. Kf6 Bb3 39. Rd7+ Kg8 40. Nxg6 Bf7 41. Rxf7 Nd3 42. Rg7# 1-0

[Event "ESTCC 65 2019"]
[Site "Mali Losinj"]
[Date "2019.09.18"]
[Round "1"]
[White "Grahn, Lars"]
[Black "Renman, Nils-Gustaf"]
[Result "1/2-1/2"]
[ECO "D10"]
[WhiteElo "2024"]
[BlackElo "2340"]
[Annotator "NA"]
[PlyCount "113"]
[EventDate "2019.??.??"]
[EventCountry "CRO"]
[SourceTitle "playchess.com"]
[Source "ChessBase"]
[SourceQuality "1"]
[WhiteTeam "Sweden"]
[BlackTeam "Sweden"]
[WhiteTeamCountry "SWE"]
[BlackTeamCountry "SWE"]
[TimeControl "40/5400+30:1800+30"]

1. d4 d5 2. c4 c6 3. cxd5 cxd5 4. Bf4 Nc6 5. e3 Nf6 6. Nc3 a6 7. Bd3 Bg4 8. Nge2 e6 9. Rc1 Be7 10. O-O O-O 11. f3 Bh5 12. Na4 Bg6 13. Nc5 Bxc5 14. Rxc5 Qb6 15. Bxg6 hxg6 16. Qc2 Rfe8 17. Re1 e5 18. Bxe5 Nd7 19. Rc3 Ndxe5 20. dxe5 Rxe5 21. Rb3 Qa7 22. Ng3 Rae8 23. Qd2 g5 24. Rd3 Qc5 25. Rc1 Qb6 26. Re1 d4 27. e4 g6 28. Kf1 Rb5 29. b3 Rd8 30. Ne2 Qc5 31. Rd1 Qe5 32. Kg1 Rc5 33. Nxd4 Nxd4 34. Rxd4 Rxd4 35. Qxd4 Qxd4+ 36. Rxd4 Rc1+ 37. Kf2 Rc2+ 38. Kg3 Rxa2 39. Rd8+ Kg7 40. Rb8 b5 41. b4 Kf6 42. Rb7 Ke6 43. Rc7 Ra4 44. Kg4 f6 45. Rc6+ Ke5 46. g3 Rxb4 47. Rxa6 Rb2 48. h3 Rg2 49. Rb6 f5+ 50. exf5 gxf5+ 51. Kxg5 Rxg3+ 52. Kh4 Rg8 53. Rxb5+ Kf4 54. Rb4+ Kxf3 55. Rb3+ Ke4 56. Rb4+ Ke3 57. Rb3+ 1/2-1/2

[Event "ESTCC 65 2019"]
[Site "Mali Losinj"]
[Date "2019.09.18"]
[Round "1"]
[White "Carlsten, Peter"]
[Black "Beilfuss, Wilfried"]
[Result "0-1"]
[ECO "B22"]
[WhiteElo "1986"]
[BlackElo "2192"]
[Annotator "NA"]
[PlyCount "112"]
[EventDate "2019.??.??"]
[EventCountry "CRO"]
[SourceTitle "playchess.com"]
[Source "ChessBase"]
[SourceQuality "1"]
[WhiteTeam "Sweden"]
[BlackTeam "Germany"]
[WhiteTeamCountry "SWE"]
[BlackTeamCountry "GER"]
[TimeControl "40/5400+30:1800+30"]

1. e4 c5 2. c3 d5 3. exd5 Qxd5 4. d4 e6 5. Nf3 Nf6 6. Be2 Nc6 7. O-O cxd4 8. cxd4 Be7 9. Nc3 Qd8 10. Bf4 O-O 11. Rc1 b6 12. Qd2 Bb7 13. a3 Rc8 14. b4 a5 15. b5 Nb8 16. a4 Bb4 17. Qd3 Nd5 18. Ng5 Nf6 19. Bf3 Bxf3 20. Nxf3 Nbd7 21. Rfd1 Qe7 22. Bg5 h6 23. Bh4 Bxc3 24. Rxc3 Qb4 25. Ra3 Nd5 26. Rb1 Qc4 27. Nd2 Qxd3 28. Rxd3 Rc2 29. Nb3 Rfc8 30. Ra1 Rb2 31. h3 Rcc2 32. Nc1 Nc3 33. Kh2 Nxa4 34. Rxa4 Rxc1 35. d5 Nc5 36. d6 Nd7 37. Bd8 Rxb5 38. Rad4 Rc2 39. Rd2 Rbb2 40. Rxc2 Rxc2 41. Kg3 f5 42. Bxb6 Nxb6 43. d7 Nxd7 44. Rxd7 Kf8 45. Ra7 Ra2 46. h4 a4 47. f4 a3 48. Kf3 Ra1 49. g3 g6 50. Kg2 Ke8 51. Kh2 Kd8 52. Kg2 Kc8 53. Kh2 Kb8 54. Ra6 Kb7 55. Rxe6 Rb1 56. Re3 a2 0-1

[Event "ESTCC 65 2019"]
[Site "Mali Losinj"]
[Date "2019.09.18"]
[Round "1"]
[White "Bernhardsson, Sten"]
[Black "Hammar, Bengt"]
[Result "0-1"]
[ECO "E93"]
[WhiteElo "1956"]
[BlackElo "2161"]
[Annotator "NA"]
[PlyCount "52"]
[EventDate "2019.??.??"]
[EventCountry "CRO"]
[SourceTitle "playchess.com"]
[Source "ChessBase"]
[SourceQuality "1"]
[WhiteTeam "Sweden"]
[BlackTeam "Sweden"]
[WhiteTeamCountry "SWE"]
[BlackTeamCountry "SWE"]
[TimeControl "40/5400+30:1800+30"]

1. d4 Nf6 2. Nf3 g6 3. c4 Bg7 4. Nc3 O-O 5. e4 d6 6. Be2 Nbd7 7. Be3 e5 8. d5 Nc5 9. Nd2 a5 10. b3 Ne8 11. a3 f5 12. f3 Bh6 13. Bxh6 Qh4+ 14. g3 Qxh6 15. Qc2 Nf6 16. Rb1 fxe4 17. fxe4 Ng4 18. Bxg4 Bxg4 19. Nd1 Bxd1 20. Kxd1 Rf2 21. Qc3 Qh5+ 22. Kc1 Qe2 23. Rd1 Rxh2 24. Nf1 Nxe4 25. Qd3 Qxd3 26. Rxd3 Rh1 0-1

[Event "ESTCC 65 2019"]
[Site "Mali Losinj"]
[Date "2019.09.18"]
[Round "1"]
[White "Karppinen, Martti"]
[Black "Vucenovic, Dragomir"]
[Result "0-1"]
[ECO "D02"]
[WhiteElo "1925"]
[BlackElo "2154"]
[Annotator "NA"]
[PlyCount "100"]
[EventDate "2019.??.??"]
[EventCountry "CRO"]
[SourceTitle "playchess.com"]
[Source "ChessBase"]
[SourceQuality "1"]
[WhiteTeam "Finland"]
[BlackTeam "Switzerland"]
[WhiteTeamCountry "FIN"]
[BlackTeamCountry "SUI"]
[TimeControl "40/5400+30:1800+30"]

1. g3 Nf6 2. Bg2 d5 3. d4 g6 4. Nf3 Bg7 5. O-O O-O 6. Bf4 Nbd7 7. Qc1 c6 8. c4 dxc4 9. Qxc4 Nb6 10. Qc1 Bf5 11. Bh6 Re8 12. Bxg7 Kxg7 13. Nc3 Qc8 14. Re1 Ne4 15. Nxe4 Bxe4 16. Qf4 Bxf3 17. Bxf3 Qb8 18. Qxb8 Raxb8 19. b3 Rbd8 20. Red1 Rd7 21. Rac1 Red8 22. e3 e6 23. Kf1 f5 24. h4 h6 25. Ke2 g5 26. g4 Nd5 27. gxf5 exf5 28. hxg5 hxg5 29. Rg1 Kg6 30. Rh1 Nf6 31. Rh2 g4 32. Bg2 f4 33. Ke1 Re7 34. Kd2 c5 35. Kd3 f3 36. Bf1 cxd4 37. exd4 Re4 38. Rc4 b5 39. Rb4 a5 40. Rxb5 Rexd4+ 41. Kc3 Rd2 42. Rb6 Kg5 43. Rb5+ Kf4 44. Rxa5 Ne4+ 45. Kb4 Rxf2 46. Rxf2 Nxf2 47. Ra7 Rd1 48. Rf7+ Ke3 49. Ba6 g3 50. Bb7 Ne4 0-1

[Event "ESTCC 65 2019"]
[Site "Mali Losinj"]
[Date "2019.09.18"]
[Round "1"]
[White "Thoele, Wolfgang"]
[Black "Palsson, Bertil"]
[Result "1-0"]
[ECO "B01"]
[WhiteElo "1865"]
[BlackElo "1784"]
[Annotator "NA"]
[PlyCount "125"]
[EventDate "2019.??.??"]
[EventCountry "CRO"]
[SourceTitle "playchess.com"]
[Source "ChessBase"]
[SourceQuality "1"]
[WhiteTeam "Germany"]
[BlackTeam "Sweden"]
[WhiteTeamCountry "GER"]
[BlackTeamCountry "SWE"]
[TimeControl "40/5400+30:1800+30"]

1. e4 d5 2. exd5 Nf6 3. d4 Bg4 4. Be2 Bxe2 5. Nxe2 Qxd5 6. O-O e6 7. Nbc3 Qh5 8. Bf4 Bd6 9. Bxd6 cxd6 10. Qd3 a6 11. Ng3 Qa5 12. Nge4 Qd8 13. Qg3 O-O 14. Qxd6 Nc6 15. Qxd8 Rfxd8 16. Nxf6+ gxf6 17. d5 exd5 18. Rad1 Nb4 19. a3 d4 20. axb4 dxc3 21. bxc3 Rac8 22. Rxd8+ Rxd8 23. f4 Rd2 24. Rc1 Rd7 25. Rb1 Rd2 26. Rb2 f5 27. h3 h5 28. Kh2 h4 29. Kg1 Kg7 30. b5 a5 31. b6 Kf6 32. Ra2 Rd1+ 33. Kf2 Rd2+ 34. Kf3 Rd6 35. Rb2 Rc6 36. Ke3 a4 37. Kd4 a3 38. Ra2 Rxb6 39. Rxa3 Ke6 40. Rb3 Rd6+ 41. Ke3 b6 42. Kf3 Kf6 43. g3 hxg3 44. Kxg3 Kg6 45. c4 Rc6 46. Rb5 f6 47. Rb4 Kh5 48. Ra4 Rc8 49. Kf3 Kg6 50. Ke3 Re8+ 51. Kd3 Rc8 52. Ra6 Rc6 53. Kd4 Rd6+ 54. Kc3 Re6 55. Kb4 Re4 56. Rxb6 Rxf4 57. Kb5 Rh4 58. c5 f4 59. c6 f3 60. Ra6 Re4 61. Ra3 Rf4 62. c7 f2 63. Ra1 1-0

[Event "ESTCC 65 2019"]
[Site "Mali Losinj"]
[Date "2019.09.18"]
[Round "1"]
[White "Dalling, Peter"]
[Black "Mueller, Gerhard"]
[Result "1/2-1/2"]
[ECO "B21"]
[WhiteElo "1824"]
[BlackElo "2104"]
[Annotator "NA"]
[PlyCount "51"]
[EventDate "2019.??.??"]
[EventCountry "CRO"]
[SourceTitle "playchess.com"]
[Source "ChessBase"]
[SourceQuality "1"]
[WhiteTeam "Sweden"]
[BlackTeam "Germany"]
[WhiteTeamCountry "SWE"]
[BlackTeamCountry "GER"]
[TimeControl "40/5400+30:1800+30"]

1. e4 c5 2. Nf3 d6 3. d4 cxd4 4. c3 Nf6 5. Bd3 dxc3 6. Nxc3 e5 7. h3 Be6 8. Qe2 Nbd7 9. Ng5 Be7 10. Nxe6 fxe6 11. Bc4 O-O 12. Bxe6+ Kh8 13. O-O a6 14. a4 Nc5 15. Bc4 Qd7 16. Rd1 Ne6 17. Be3 g6 18. Bh6 Rfd8 19. Nd5 Nxd5 20. Bxd5 Nd4 21. Qd3 Rac8 22. Rdc1 Bf8 23. Bg5 Be7 24. Bh6 Bf8 25. Bg5 Be7 26. Bh6 1/2-1/2

[Event "ESTCC 65 2019"]
[Site "Mali Losinj"]
[Date "2019.09.18"]
[Round "1"]
[White "Ristoja, Aulikki"]
[Black "Staechelin, Ruedi"]
[Result "0-1"]
[ECO "D00"]
[WhiteElo "1558"]
[BlackElo "2002"]
[Annotator "NA"]
[PlyCount "142"]
[EventDate "2019.??.??"]
[EventCountry "CRO"]
[SourceTitle "playchess.com"]
[Source "ChessBase"]
[SourceQuality "1"]
[WhiteTeam "Finland"]
[BlackTeam "Switzerland"]
[WhiteTeamCountry "FIN"]
[BlackTeamCountry "SUI"]
[TimeControl "40/5400+30:1800+30"]

1. d4 d5 2. Bf4 Nf6 3. e3 e6 4. Bd3 Bd6 5. Bg3 O-O 6. c3 c5 7. Nd2 b6 8. Ngf3 Ba6 9. Bxa6 Nxa6 10. Ne5 Nb8 11. Ndf3 Ne4 12. Nd2 Nxd2 13. Qxd2 Bxe5 14. dxe5 Nc6 15. f4 f5 16. Rd1 Qe8 17. O-O Qh5 18. Rfe1 h6 19. Qe2 Qxe2 20. Rxe2 g5 21. h4 g4 22. Bf2 h5 23. c4 Rfd8 24. cxd5 Rxd5 25. Rxd5 exd5 26. Rd2 Rd8 27. a3 Kf7 28. Kf1 Ke6 29. Ke2 Rd7 30. Kd1 Ke7 31. Kc2 Nd8 32. Kc3 Ne6 33. g3 Kd8 34. b3 Kc7 35. a4 Kc6 36. Kc2 a6 37. Kc3 Ng7 38. Kc2 b5 39. a5 b4 40. Kb1 Ne6 41. Rc2 Kb5 42. Ra2 Rd8 43. Rd2 Kxa5 44. e4 dxe4 45. Rxd8 Nxd8 46. Bxc5 Ne6 47. Be3 Kb5 48. Kc2 a5 49. Kb2 Nc7 50. Kc2 a4 51. bxa4+ Kxa4 52. Kb2 Nd5 53. Bd2 b3 54. Be1 e3 55. e6 Ne7 56. Bc3 e2 57. Bd2 Kb5 58. Kxb3 Kc5 59. Kc3 Kd5 60. Kd3 Kxe6 61. Kxe2 Kd5 62. Ke3 Kc4 63. Kf2 Kd3 64. Bb4 Nd5 65. Bd6 Nc3 66. Be5 Ne4+ 67. Kg2 Ke2 68. Bd4 Nd2 69. Be5 Nf1 70. Bd4 Ne3+ 71. Kh2 Kf3 0-1

[Event "ESTCC 65 2019"]
[Site "Mali Losinj"]
[Date "2019.09.18"]
[Round "1.1"]
[White "Sveshnikov, Evgeny"]
[Black "Singer, Hans"]
[Result "1/2-1/2"]
[ECO "C02"]
[WhiteElo "2483"]
[BlackElo "2184"]
[Annotator "ChessBase"]
[PlyCount "66"]
[EventDate "2019.09.18"]
[EventType "team-tourn"]
[EventCountry "CRO"]
[SourceTitle "playchess.com"]
[Source "ChessBase"]
[SourceQuality "1"]
[WhiteTeam "Russia"]
[BlackTeam "Austria"]
[WhiteTeamCountry "RUS"]
[BlackTeamCountry "AUT"]
[TimeControl "40/5400+30:1800+30"]

1. e4 c5 2. c3 e6 3. d4 d5 4. e5 Nc6 5. Nf3 Qb6 6. a3 c4 7. Nbd2 Na5 8. g3 Bd7 9. Bh3 Ne7 10. O-O h6 11. Nh4 g6 12. Ng2 Bg7 13. Ne3 h5 14. Rb1 O-O-O 15. b4 cxb3 16. Nxb3 Nxb3 17. Rxb3 Qa6 18. Qf3 Rhf8 19. Re1 Bb5 20. Ng2 Rd7 21. Bg5 Bc4 22. Rbb1 Nc6 23. Ne3 Bd3 24. Rbc1 Kb8 25. Qd1 Rc8 26. Ng2 Na5 27. Nf4 Bc4 28. Rb1 Bf8 29. a4 Qc6 30. Re3 Rdc7 31. g4 hxg4 32. Bxg4 Ba6 33. Rh3 Ba3 1/2-1/2

[Event "ESTCC 65 2019"]
[Site "Mali Losinj"]
[Date "2019.09.18"]
[Round "1.2"]
[White "Woeber, Friedrich"]
[Black "Kalegin, Evgenij"]
[Result "0-1"]
[ECO "A45"]
[WhiteElo "2126"]
[BlackElo "2435"]
[Annotator "NA"]
[PlyCount "122"]
[EventDate "2019.09.18"]
[EventType "team-tourn"]
[EventCountry "CRO"]
[SourceTitle "playchess.com"]
[Source "ChessBase"]
[SourceQuality "1"]
[WhiteTeam "Austria"]
[BlackTeam "Russia"]
[WhiteTeamCountry "AUT"]
[BlackTeamCountry "RUS"]
[TimeControl "40/5400+30:1800+30"]

1. d4 Nf6 2. Bf4 g6 3. Nc3 c5 4. e3 Bg7 5. Nf3 O-O 6. Qd2 b6 7. d5 d6 8. h3 Na6 9. Bc4 Nc7 10. e4 b5 11. Nxb5 Nxb5 12. Bxb5 Nxe4 13. Qd3 Qa5+ 14. c3 Bf5 15. Qc4 Rab8 16. a4 a6 17. Bxa6 Rxb2 18. O-O Nxc3 19. Bd2 Rb4 20. Bxc3 Bxc3 21. Qxc3 Qxa6 22. Rfe1 Qb7 23. Qd2 Be4 24. Qg5 Qxd5 25. Qxd5 Bxd5 26. Rxe7 Ra8 27. a5 Ra6 28. Rd7 c4 29. Rc7 Bxf3 30. gxf3 d5 31. Re1 Ra4 32. Ree7 Rf6 33. Rc5 d4 34. Rd7 c3 35. Kg2 Rf5 36. Rc8+ Kg7 37. a6 Rg5+ 38. Kf1 Ra1+ 39. Ke2 Re5+ 40. Kd3 Rd1+ 41. Kc2 Rd2+ 42. Kb3 Rb2+ 43. Kc4 c2 44. Kd3 Ra2 45. a7 Rea5 46. Rxc2 R5a3+ 47. Kd2 Rxa7 48. Rxa7 Rxa7 49. Kd3 Ra3+ 50. Ke4 f5+ 51. Kf4 Ra7 52. Rd2 Rd7 53. Ke5 d3 54. Kf4 Kh6 55. h4 Kh5 56. Kg3 f4+ 57. Kxf4 Kxh4 58. Rd1 Kh3 59. Rd2 Kg2 60. Ke3 h5 61. f4 Re7+ 0-1

[Event "ESTCC 65 2019"]
[Site "Mali Losinj"]
[Date "2019.09.18"]
[Round "1.3"]
[White "Zhelnin, Vladimir V"]
[Black "Titz, Heimo"]
[Result "1-0"]
[ECO "B47"]
[WhiteElo "2406"]
[BlackElo "1971"]
[Annotator "NA"]
[PlyCount "51"]
[EventDate "2019.09.18"]
[EventType "team-tourn"]
[EventCountry "CRO"]
[SourceTitle "playchess.com"]
[Source "ChessBase"]
[SourceQuality "1"]
[WhiteTeam "Russia"]
[BlackTeam "Austria"]
[WhiteTeamCountry "RUS"]
[BlackTeamCountry "AUT"]
[TimeControl "40/5400+30:1800+30"]

1. e4 c5 2. Nf3 e6 3. Nc3 Nc6 4. d4 cxd4 5. Nxd4 Qc7 6. Be2 Nf6 7. O-O a6 8. Kh1 b5 9. Nxc6 dxc6 10. Qd3 Bb7 11. f4 b4 12. e5 bxc3 13. exf6 gxf6 14. Qxc3 Be7 15. Be3 c5 16. Bf3 Bxf3 17. Rxf3 Rc8 18. f5 Rg8 19. Qc4 Qc6 20. Qh4 Rg7 21. Qh6 Bf8 22. Qxf6 exf5 23. Qxf5 Qe6 24. Re1 Kd7 25. Bh6 Qxf5 26. Rxf5 1-0

[Event "ESTCC 65 2019"]
[Site "Mali Losinj"]
[Date "2019.09.18"]
[Round "1.4"]
[White "Strobel, Ferdinand"]
[Black "Pushkov, Nikolai"]
[Result "1-0"]
[ECO "A03"]
[WhiteElo "1956"]
[BlackElo "2261"]
[Annotator "NA"]
[PlyCount "105"]
[EventDate "2019.09.18"]
[EventType "team-tourn"]
[EventCountry "CRO"]
[SourceTitle "playchess.com"]
[Source "ChessBase"]
[SourceQuality "1"]
[WhiteTeam "Austria"]
[BlackTeam "Russia"]
[WhiteTeamCountry "AUT"]
[BlackTeamCountry "RUS"]
[TimeControl "40/5400+30:1800+30"]

1. f4 d5 2. Nf3 Nf6 3. e3 c5 4. b3 g6 5. Bb2 Bg7 6. Be2 Nc6 7. O-O O-O 8. Ne5 Bd7 9. d3 Rc8 10. Nd2 Qc7 11. Nxc6 Bxc6 12. Be5 Qa5 13. a4 Nd7 14. Bxg7 Kxg7 15. Nf3 Qc3 16. Qd2 Qxd2 17. Nxd2 e5 18. g3 f5 19. Bf3 Rfe8 20. Rfe1 Rcd8 21. c3 e4 22. dxe4 dxe4 23. Be2 Nb6 24. Nc4 Nxc4 25. Bxc4 Rd2 26. Rad1 Red8 27. Rxd2 Rxd2 28. Rc1 a6 29. a5 Kf6 30. h3 h6 31. b4 cxb4 32. cxb4 Rb2 33. Bxa6 Rxb4 34. Bf1 Bd5 35. a6 bxa6 36. Bxa6 Rb3 37. Rd1 Ke6 38. Bc8+ Kd6 39. Ba6 Kc5 40. Kf2 Rb2+ 41. Kf1 Bb3 42. Rc1+ Bc2 43. g4 fxg4 44. hxg4 Kd6 45. Be2 Kd5 46. Ke1 Bd3 47. Bd1 Rh2 48. Ra1 Kc5 49. Ra8 Kb4 50. f5 gxf5 51. gxf5 Rh1+ 52. Kd2 Rh2+ 53. Ke1 1-0

[Event "ESTCC 65 2019"]
[Site "Mali Losinj"]
[Date "2019.09.18"]
[Round "1.5"]
[White "Lofgren, Claes"]
[Black "Rantanen, Yrjo A."]
[Result "0-1"]
[ECO "A43"]
[WhiteElo "2059"]
[BlackElo "2309"]
[Annotator "NA"]
[PlyCount "128"]
[EventDate "2019.09.18"]
[EventType "team-tourn"]
[EventCountry "CRO"]
[SourceTitle "playchess.com"]
[Source "ChessBase"]
[SourceQuality "1"]
[WhiteTeam "Denmark"]
[BlackTeam "Finland"]
[WhiteTeamCountry "DEN"]
[BlackTeamCountry "FIN"]
[TimeControl "40/5400+30:1800+30"]

1. d4 c5 2. d5 d6 3. e4 g6 4. Nf3 Bg7 5. Be2 Nf6 6. Nc3 O-O 7. O-O Na6 8. Nd2 Nc7 9. a4 e6 10. Nc4 Nxe4 11. Nxe4 exd5 12. Nexd6 dxc4 13. Bxc4 Be6 14. Bf4 Qf6 15. Bg3 Rad8 16. Bxe6 Nxe6 17. c3 Nf4 18. Ne4 Qc6 19. Qc2 Nd3 20. Nd2 c4 21. Nf3 Rfe8 22. Ne1 Nc5 23. Nf3 Nb3 24. Rad1 Bf6 25. Bf4 Rxd1 26. Rxd1 Qxa4 27. Be3 Qc6 28. h3 a6 29. Nd2 Nxd2 30. Rxd2 Rd8 31. Rxd8+ Bxd8 32. Qd2 Be7 33. Bd4 Bf6 34. Bxf6 Qxf6 35. Qd7 b5 36. g3 Kg7 37. Qd5 h5 38. h4 Qf5 39. Qd4+ Kh7 40. Qa7 Qe6 41. Qc5 Qe1+ 42. Kg2 Qe4+ 43. Kh2 Qe2 44. Qa7 Kg8 45. Qd4 a5 46. Kg2 Qe8 47. Qd5 Qb8 48. Kg1 Qb6 49. Qa8+ Kg7 50. Qd5 Qa6 51. Qc5 Qb7 52. Qd4+ Kh7 53. Qc5 Kg8 54. Qd4 Qe7 55. Qb6 Qe1+ 56. Kg2 Qe4+ 57. Kh2 Qf5 58. Kg2 Qd5+ 59. Kh2 Qd2 60. Qb8+ Kh7 61. Qxb5 Qxf2+ 62. Kh1 Qxg3 63. Qxc4 Qh3+ 64. Kg1 Qg4+ 0-1

[Event "ESTCC 65 2019"]
[Site "Mali Losinj"]
[Date "2019.09.18"]
[Round "1.6"]
[White "Westerinen, Heikki M.J."]
[Black "Nielsen, Jorgen Lovgren"]
[Result "1/2-1/2"]
[ECO "C67"]
[WhiteElo "2296"]
[BlackElo "2052"]
[Annotator "NA"]
[PlyCount "96"]
[EventDate "2019.09.18"]
[EventType "team-tourn"]
[EventCountry "CRO"]
[SourceTitle "playchess.com"]
[Source "ChessBase"]
[SourceQuality "1"]
[WhiteTeam "Finland"]
[BlackTeam "Denmark"]
[WhiteTeamCountry "FIN"]
[BlackTeamCountry "DEN"]
[TimeControl "40/5400+30:1800+30"]

1. e4 e5 2. Nf3 Nc6 3. Bb5 Nf6 4. O-O Nxe4 5. Re1 Nd6 6. Nxe5 Nxe5 7. Rxe5+ Be7 8. Bf1 O-O 9. d4 Bf6 10. Re1 Nf5 11. c3 d5 12. Bf4 c6 13. Nd2 Nh4 14. h3 Bf5 15. Nf3 Nxf3+ 16. Qxf3 Qd7 17. Be5 Bxe5 18. Rxe5 Be4 19. Qg4 Rad8 20. Rg5 Qxg4 21. Rxg4 Rfe8 22. Rg3 Re7 23. Re3 Rde8 24. f3 Bg6 25. Rxe7 Rxe7 26. Kf2 Kf8 27. h4 f6 28. g3 Ke8 29. Bh3 Kd8 30. Re1 Rxe1 31. Kxe1 Kc7 32. Kd2 Kd6 33. Ke3 Bf7 34. Bf5 g6 35. Bd3 Ke7 36. h5 Kf8 37. h6 Ke7 38. g4 Kd6 39. b4 b6 40. Kf4 b5 41. Bc2 Ke6 42. a4 a6 43. a5 Be8 44. Kg3 Kf7 45. Bd3 Ke6 46. f4 Kd6 47. Bf1 Bf7 48. Bh3 Bg8 1/2-1/2